 Dungeon Crawl Stone Soup version 0.25-a0-299-gced51cc (webtiles) character file.

308 Blightor the Skirmisher (level 6, -11/48 HPs)
             Began as a Demonspawn Abyssal Knight on Feb 14, 2016.
             Was a Believer of Lugonu.
             Mangled by an ogre
             ... wielding a +0 giant club
              (31 damage)
             ... on level 4 of the Dungeon on Dec 19, 2019.
             The game lasted 00:29:55 (6220 turns).

Blightor the Skirmisher (Demonspawn Abyssal Knight) Turns: 6220, Time: 00:29:55

Health: -11/48     AC:  9    Str: 14    XL:     6   Next: 17%
Magic:  8/8        EV: 11    Int: 17    God:    Lugonu [**....]
Gold:   240        SH:  0    Dex: 11    Spells: 5/5 levels left

rFire    . . .     SeeInvis +   n - -2 short sword (curse)
rCold    . . .     Gourm    .   (no shield)
rNeg     . . .     Faith    .   k - +1 ring mail (curse)
rPois    .         Spirit   .   (helmet restricted)
rElec    .         Reflect  .   (no cloak)
rCorr    .         Harm     +   q - +0 pair of gloves
MR       .....                  (no boots)
Stlth    ++........             e - amulet of harm
HPRegen  0.16/turn              m - +3 ring of intelligence (curse)
MPRegen  0.11/turn              p - ring of see invisible

@: no status effects
A: horns 1, rough black scales 1, nightstalker 1
a: Depart the Abyss, Bend Space, Renounce Religion


You were on level 4 of the Dungeon.
You worshipped Lugonu.
Lugonu was pleased with you.
You were not hungry.

You visited 1 branch of the dungeon, and saw 4 of its levels.
You visited the Abyss 1 time.

You collected 240 gold pieces.

Inventory:

Hand Weapons
 a - a +1 falchion
 n - a cursed -2 short sword (weapon)
 o - a +2 dagger of venom
 t - a +0 war axe
Missiles
 g - 57 stones (quivered)
 r - 8 javelins
Armour
 b - a +0 leather armour
 k - a cursed +1 ring mail (worn)
 l - a +0 chain mail
 q - a +0 pair of gloves (worn)
Jewellery
 d - an uncursed amulet of magic regeneration
 e - an amulet of harm (around neck)
 j - an uncursed ring of protection from fire
 m - a cursed +3 ring of intelligence (left hand)
 p - a ring of see invisible (right hand)
Wands
 x - a wand of clouds (7)
Scrolls
 i - 4 scrolls of identify
Potions
 s - a potion of curing
 u - a potion of haste {unknown}
 v - a potion of flight {unknown}
 w - a potion of heal wounds {unknown}
Comestibles
 c - 3 rations
 f - a ration
 h - a ration


   Skills:
 + Level 3.9 Fighting
 + Level 1.5(2.3) Short Blades
 + Level 2.6(2.9) Long Blades
 + Level 1.1 Throwing
 + Level 3.4 Armour
 + Level 1.8 Dodging
 + Level 1.4 Stealth
 + Level 2.8 Invocations


You had 5 spell levels left.
You didn't know any spells.
Your spell library contained the following spells:

 Spells                   Type           Power        Failure   Level  Hunger
 Animate Skeleton         Necr           N/A          43%         1    ##.....
 Apportation              Tloc           #.....       43%         1    ##.....
 Confusing Touch          Hex            #.....       43%         1    ##.....
 Summon Small Mammal      Summ           #...         43%         1    ##.....


Dungeon Overview and Level Annotations

Branches:
Dungeon (4/15)
 Temple: D:4-7

Altars:

Shops:
D:4 *


Innate Abilities, Weirdness & Mutations

You have a pair of small horns on your head.
You are partially covered in rough black scales. (AC +2, Dex -1)
You are slightly more attuned to the shadows.


Message History

You kill the goblin!
Lugonu accepts your kill. The goblin hits you but does no damage.
You hit the goblin.
The goblin is severely wounded.
You barely miss the goblin. You headbutt the goblin.
You kill the goblin!
Lugonu accepts your kill.
Your ring mail prevents you from hitting the ogre.
You headbutt the ogre.
The ogre is lightly wounded.
The goblin misses you.
The ogre hits you with a +0 giant club!!
Ouch! That really hurt!
You hit the ogre but do no damage. Your headbutt misses the ogre.
The ogre is lightly wounded.
The goblin barely misses you.
The ogre hits you with a +0 giant club!!
Ouch! That really hurt!
You die...

#......###...###..#
##.###...###.#..[## #
#..####..##...### ..###..#
##..##..# .......# ##..#..##
#....#.######.....## #
####.>g#...#....#..# #
###.O...#..#....####
#@#%!.##........<.
###############.#####...........
#..†............................
#..................>.#########..
#........#####.......# #..
########## #.......# #..
#......># #.. #.....(.# #..
#.......# ###


You could see an ogre and a goblin.

Vanquished Creatures
  A howler monkey (D:4)
  2 worker ants (D:4)
  A hound skeleton (D:4)
  4 gnolls
  9 adders
  An ooze (D:3)
  An adder skeleton (D:4)
  5 worms
  A dart slug (D:4)
  A leopard gecko (D:2)
  An orc (D:4)
  2 giant cockroaches (D:2)
  10 goblins
  4 hobgoblins
  12 jackals
  3 bats (D:2)
  7 frilled lizards
  A kobold (D:1)
  9 rats
75 creatures vanquished.

Notes
Turn   | Place    | Note
-------+----------+-------------------------------------------
     0 | Abyss:1  | Blightor the Demonspawn Abyssal Knight began the quest for
                  | the Orb.
     0 | Abyss:1  | Reached XP level 1. HP: 18/18 MP: 2/2
     0 | D:1      | Escaped the Abyss
    22 | D:1      | Reached * piety under Lugonu
   221 | D:1      | Reached skill level 1 in Dodging
   265 | D:1      | Gained mutation: You are partially covered in rough black
                  | scales. (AC +2, Dex -1) [demonic ancestry]
   265 | D:1      | Reached XP level 2. HP: 14/24 MP: 3/3
  1089 | D:2      | Reached XP level 3. HP: 16/29 MP: 5/5
  1471 | D:2      | Noticed a phantom
  1847 | D:2      | Reached ** piety under Lugonu
  1855 | D:2      | Gained mutation: You are slightly more attuned to the
                  | shadows. [demonic ancestry]
  1855 | D:2      | Reached XP level 4. HP: 14/36 MP: 6/6
  2081 | D:2      | Reached skill level 1 in Throwing
  2197 | D:2      | Found a faded altar of an unknown god.
  2210 | D:2      | Found an oddly glowing altar of Pakellas.
  4238 | D:4      | Reached XP level 5. HP: 13/42 MP: 7/7
  4580 | D:3      | Reached skill level 1 in Short Blades
  5401 | D:4      | Reached skill level 1 in Stealth
  5735 | D:4      | Found Mamapp's General Store.
  5739 | D:4      | Noticed a phantom
  5812 | D:4      | Gained mutation: You have a pair of small horns on your
                  | head. [demonic ancestry]
  5812 | D:4      | Reached XP level 6. HP: 14/48 MP: 8/8
  6220 | D:4      | Mangled by an ogre

Levels and vault maps discovered:
D:1:      ncdulo_halloftheorcs
D:2:      minmay_door_path, layout_rooms, lemuel_round_altar,
          chequers_ecumenical_altar_lobes, first_ration, minmay_ruptured
D:3:      layout_loops_ring
D:4:      layout_rooms, serial_shops, shop, minmay_ogre_servants

Skill      XL: |  1  2  3  4  5 |
---------------+----------------+-----
Dodging        | 1 |  1.8
Long Blades    | 2 |  2.6
Armour         | 2 3 |  3.4
Throwing       | 1 |  1.1
Short Blades   | 1 |  1.5
Stealth        | 1 |  1.4
Fighting       | |  3.9
Invocations    | |  2.8

Action                   |  1- 3 |  4- 6 || total
-------------------------+-------+-------++-------
Melee: Falchion          |    34 |       ||    34
       Falchion          |   144 |    49 ||   193
       Short sword       |       |   346 ||   346
       Headbutt          |       |     9 ||     9
Throw: Stone             |    45 |    11 ||    56
Invok: Depart the Abyss  |     1 |       ||     1
  Use: Scroll            |     3 |     3 ||     6
       Scroll            |     1 |       ||     1
       Potion            |     1 |     1 ||     2
 Stab: Sleeping          |       |     5 ||     5
  Eat: Chunk             |     4 |     7 ||    11
       Ration            |       |     2 ||     2
Armor: Ring mail         |    70 |   163 ||   233
Dodge: Dodged            |    85 |   210 ||   295
       Rpst.: Falchion   |    30 |    11 ||    41

Table legend:
 A = Non-vault XP
 B = Vault XP
 C = Vault XP percentage of total XP
 D = Non-vault monster count
 E = Vault monster count
 F = Vault count percentage of total count
                 A         B        C        D         E       F
            +---------+---------+-------+---------+---------+-------
      Total |     400 |      20 |   4.8 |      51 |      10 |  16.4
            +---------+---------+-------+---------+---------+-------
        D:2 |     147 |       9 |   5.8 |      30 |       4 |  11.8
        D:3 |      56 |       0 |   0.0 |       9 |       0 |   0.0
        D:4 |     197 |      11 |   5.3 |      12 |       6 |  33.3
            +---------+---------+-------+---------+---------+-------
